 Dungeon Crawl Stone Soup version 0.14.0-24-gfb45beb (webtiles) character file.

171 HungrySpirit the Sneak (level 5, -1/38 HPs)
             Began as a Human Assassin on Apr 21, 2014.
             Was a Believer of Nemelex Xobeh.
             Slain by Grinder (2 damage)
             ... on Level 3 of the Dungeon.
             The game lasted 00:07:37 (3724 turns).

HungrySpirit the Sneak (Human Assassin)             Turns: 3724, Time: 00:07:37

HP  -1/38        AC  3     Str 17      XL: 5   Next: 14%
MP   5/5         EV 13     Int 11      God: Nemelex Xobeh [**....]
Gold 61          SH  0     Dex 15      Spells:  0 memorised,  4 levels left

rFire  . . .     SeeInvis .     a - +2 dagger
rCold  + + +     Clarity  .     c - +0 robe
rNeg   . . .     Conserve .     (no shield)
rPois  +         rCorr    .     (no helmet)
rElec  +         rRot     .     d - +0 cloak
SustAb . .       Spirit   .     (no gloves)
rMut   .         Warding  .     (no boots)
Saprov . . .     Stasis   .     (no amulet)
MR     .....                    s - ring of protection from cold {unknown}
                                l - ring of ice

@: mighty, not resistant to hostile enchantments, stealthy
A: no striking features
a: Draw One, Peek at Two, Renounce Religion


You were on level 3 of the Dungeon.
You worshipped Nemelex Xobeh.
Nemelex Xobeh was pleased with you.
You were very hungry.

You visited 1 branch of the dungeon, and saw 3 of its levels.

You collected 61 gold pieces.

Inventory:

Hand weapons
 a - a +2,+2 dagger (weapon)
 b - a +0 blowgun
Missiles
 e - 25 poisoned needles
 f - 2 curare-tipped needles
Armour
 c - a +0 robe (worn)
 d - a +0 cloak (worn)
Comestibles
 g - 3 bread rations
 j - a meat ration
Scrolls
 h - 4 scrolls of teleportation {unknown}
 i - 3 scrolls of remove curse {unknown}
 m - 2 scrolls of identify {unknown}
 n - a scroll of blinking {unknown}
 p - 2 scrolls of enchant weapon I {unknown}
Jewellery
 l - a ring of ice (left hand)
 s - a ring of protection from cold (right hand) {unknown}


   Skills:
 - Level 2.0 Fighting
 * Level 3.6 Short Blades
 - Level 2.0 Throwing
 + Level 3.0 Dodging
 - Level 4.0 Stealth
 + Level 0.9 Evocations


You had 4 spell levels left.
You didn't know any spells.

Dungeon Overview and Level Annotations

Branches:
Dungeon (3/15)

Altars:
Nemelex Xobeh

Annotations:
D:3 Grinder


Message History

You resist with significant effort.
Drink which item? (? for menu, Esc to quit)
You feel protected.
It was a potion of resistance.
Grinder hits you.
You writhe in agony.
Drink which item? (? for menu, Esc to quit)
You feel refreshed.
It was a potion of restore abilities.
Grinder gestures at you. Pain shoots through your body!
* * * LOW HITPOINT WARNING * * *
Drink which item? (? for menu, Esc to quit)
You feel very mighty all of a sudden.
It was a potion of might.
Grinder gestures at you. Pain shoots through your body!
* * * LOW HITPOINT WARNING * * *
You closely miss Grinder.
Grinder is moderately wounded.
Grinder hits you.
You die...
Your body disappears without a glow.

#.........# ##.♣P.♣...##....§.
##P........###♣♣P♣.P♣..##.#....
##PP.........g♣♣...♣♣♣..##.#...S
#..P........#♣♣♣..♣♣♣...#.(#.)..
#..♣........#♣.P.♣♣♣....#.##....
#...........#♣♣...♣.....(.##....
###..........#P.P..♣.....####....
..##.........#♣.♣♣♣..()((# #....
#............##.@5.((....# #....
####.........############# #####
###########


You could see Grinder.

Vanquished Creatures
  4 adders
  A gnoll (D:1)
  3 worms
  A giant gecko (D:2)
  2 orcs (D:3)
  5 bats
  2 giant cockroaches (D:3)
  5 goblins
  6 hobgoblins
  A quokka (D:2)
  3 giant newts
  A giant newt skeleton (D:3)
  7 kobolds
  A kobold skeleton (D:3)
  9 rats
51 creatures vanquished.

Notes
Turn   | Place    | Note
--------------------------------------------------------------
     0 | D:1      | HungrySpirit, the Human Assassin, began the quest for the Orb.
     0 | D:1      | Reached XP level 1. HP: 16/16 MP: 1/1
   323 | D:1      | Reached XP level 2. HP: 22/22 MP: 2/2
   406 | D:1      | Found a sparkling altar of Nemelex Xobeh.
   449 | D:1      | Became a worshipper of Nemelex Xobeh the Trickster
   454 | D:1      | Received a gift from Nemelex Xobeh
   628 | D:1      | Acquired Nemelex Xobeh's first power
  1347 | D:1      | HP: 1/22 [gnoll/spear (4)]
  1351 | D:1      | Reached XP level 3. HP: 1/27 MP: 3/3
  2250 | D:2      | Reached XP level 4. HP: 33/33 MP: 4/4
  2378 | D:3      | Received a gift from Nemelex Xobeh
  2845 | D:3      | Acquired Nemelex Xobeh's second power
  3407 | D:3      | Reached XP level 5. HP: 32/38 MP: 5/5
  3439 | D:3      | Noticed Grinder
  3462 | D:3      | Noticed a cyan ugly thing
  3696 | D:3      | Paralysed by Grinder for 7 turns
  3713 | D:3      | Paralysed by Grinder for 5 turns
  3723 | D:3      | HP: 1/38 [Grinder/nerve-wracking pain (2)]
  3724 | D:3      | Slain by Grinder

Action                   |  1- 3 |  4- 6 || total
-------------------------+-------+-------++-------
Melee: Dagger            |    83 |   119 ||   202
 Fire: Blowgun           |     7 |    17 ||    24
Invok: Draw One          |     1 |     6 ||     7
Evoke: Deck              |     4 |       ||     4
  Use: Potion            |       |     6 ||     6
 Stab: Sleeping          |     4 |     2 ||     6
       Distracted        |       |     2 ||     2
